Map: Romanticide LE

Players

TLHarstem (Harstem)

  • Race: Protoss Protoss
  • League: Master
  • Spawn Location: 5:00

LiquidClem (Clem) - Winner!

  • Race: Terran Terran
  • League: Grandmaster
  • Spawn Location: 11:00

Event: DreamHack SC2 Masters 2020 Winter

VOD

Have the link to the VOD?

Description

Time

  • Played on: Oct. 21, 2020, 1:10 p.m.
  • Length: 5:29

All games in this series

Show
View Real Time Build Order
Export as new Build Order

TLHarstem Protoss 

Build Orders:  

Get SALT Encoding   

  12  0:00  Probe  
  13  0:12  Probe  
  14  0:17  Pylon  
  14  0:24  Probe  
  15  0:35  Gateway  
  15  0:36  Probe (Chrono Boost)  
  16  0:46  Probe (Chrono Boost)  
  16  0:47  Assimilator  
  17  0:51  Probe (Chrono Boost)  
  18  1:03  Probe  
  19  1:15  Probe  
  20  1:22  Cybernetics Core  
  20  1:26  Pylon  
  20  1:27  Probe  
  21  1:39  Probe  
  23  1:57  Nexus, Adept (Chrono Boost)  
  23  2:00  Warp Gate (Chrono Boost)  
  24  2:08  Probe  
  25  2:13  Assimilator  
  25  2:20  Probe  
  25  2:22  Sentry  
  28  2:32  Probe  
  28  2:36  Gateway  
  29  2:40  Shield Battery  
  29  2:44  Probe  
  30  2:56  Probe  
  30  2:57  Twilight Council  
  31  3:03  Pylon  
  31  3:08  Probe  
  31  3:10  Adept (Chrono Boost)  
  34  3:14  Probe  
  35  3:21  Gateway  
  35  3:23  Probe  
  36  3:27  Probe  
  36  3:44  Pylon  
  36  3:45  Stalker  
  36  3:46  Stalker  
  36  3:48  Probe  
  38  4:03  Probe  
  34  4:14  Probe x2  
  32  4:22  Probe  
  32  4:23  Probe  
  35  4:34  Probe  
  35  4:36  Stalker  
Show
View Real Time Build Order
Export as new Build Order

LiquidClem Terran - Winner!

Build Orders: 1/1/1 

Get SALT Encoding   

  12  0:00  SCV  
  13  0:12  SCV  
  14  0:17  Supply Depot  
  14  0:24  SCV  
  15  0:29  Refinery  
  15  0:38  SCV  
  16  0:45  Barracks  
  16  0:50  SCV  
  17  1:03  SCV  
  18  1:14  Engineering Bay  
  18  1:15  SCV  
  19  1:31  Marine  
  19  1:32  Orbital Command  
  20  1:37  Factory  
  20  1:49  Supply Depot  
  20  1:51  Barracks Reactor  
  20  1:58  SCV  
  21  2:10  SCV  
  22  2:20  Command Center  
  22  2:25  Starport  
  22  2:30  Hellion  
  22  2:35  Hellion  
  26  2:41  Supply Depot  
  26  2:43  SCV  
  27  2:51  Hellion  
  27  2:56  Hellion  
  31  3:02  Medivac, SCV  
  34  3:07  Refinery  
  34  3:14  SCV  
  35  3:21  Marine  
  35  3:22  Marine  
  35  3:23  Factory Tech Lab  
  35  3:26  SCV  
  38  3:36  Orbital Command  
  38  3:41  SCV  
  38  3:44  Marine x2  
  38  3:46  Siege Tank  
  44  3:54  SCV  
  45  4:02  Marine x2  
  47  4:05  SCV  
  47  4:06  SCV  
  45  4:15  Barracks  
  45  4:17  SCV  
  45  4:18  Siege Tank, SCV  
  45  4:22  Marine x2  
  52  4:29  SCV  
  52  4:30  SCV  
  54  4:35  Engineering Bay  
  54  4:37  Barracks  
Tags
 
Add a new tag
Caveats
  • Supply blocks, unpowered buildings, or Contaminate may cause inaccurate times.
  • Supply counts are checked every 10 seconds.